 Dungeon Crawl Stone Soup version 0.32-a0-791-gfc315c9ecd (webtiles) character file.

Game seed: 6015085191339071829

134403 inmateoo the Bludgeoner (level 16, 0/129 HPs)
             Began as a Mountain Dwarf Fighter on Mar 21, 2024.
             Was the Champion of Hepliaklqana.
             Slain by a merfolk impaler
             ... wielding a +5 trident of flaming
              (2 damage)
             ... on level 1 of the Shoals.
             The game lasted 00:30:24 (24376 turns).

inmateoo the Bludgeoner (Mountain Dwarf Fighter)   Turns: 24376, Time: 00:30:25

Health: 0/129      AC: 24    Str: 23    XL:     16   Next: 39%
Magic:  35/35      EV:  9    Int: 11    God:    Hepliaklqana [******]
Gold:   589        SH:  7    Dex: 13    Spells: 15/15 levels left

rFire   + + .        E - +9 demon whip of Kaodumie {elec, rN+ MP+9 Dex+2}
rCold   + + .        c - +0 buckler
rNeg    + . .        R - +1 plate armour {rC+}
rPois   .            m - +0 helmet
rElec   +            A - scarf {rC+ rF+}
rCorr   +            f - +1 pair of gloves
SInv    .            j - +2 pair of boots "Margh" {rCorr}
Will    ++...        M - amulet of regeneration Stlth
                     U - ring of Democracy {rElec rF+}
HPRegen 1.21/turn    L - ring of willpower
MPRegen 0.24/turn

%: no passive effects
@: no status effects
A: reduced essence, runic magic, artefact enchanting
a: Renounce Religion, Recall Ancestor, Ancestor Identity, Transference, Idealise


You were on level 1 of the Shoals.
You worshipped Hepliaklqana.
Hepliaklqana was exalted by your worship.
You visited 6 branches of the dungeon, and saw 25 of its levels.
You visited the Abyss 1 time.

You collected 2135 gold pieces.
You spent 1546 gold pieces at shops.

Inventory:

Hand Weapons
 x - a +5 eveningstar of electrocution
 E - the +9 demon whip of Kaodumie (weapon) {elec, rN+ MP+9 Dex+2}
   (You acquired it on level 9 of the Dungeon)

   Dex+2:     It affects your dexterity (+2).
   rN+:       It protects you from negative energy.
   MP+9:      It affects your magic capacity (+9).
Armour
 c - a +0 buckler (worn)
 f - a +1 pair of gloves (worn)
 j - the +2 pair of boots "Margh" (worn) {rCorr}
   (You found it on level 2 of the Dungeon)

   rCorr:     It protects you from acid and corrosion.
 m - a +0 helmet (worn)
 A - a scarf of resistance (worn)
 C - a +1 cloak of willpower
 R - a +1 plate armour of cold resistance (worn)
Jewellery
 L - a ring of willpower (right hand)
 M - an amulet of regeneration (around neck)
 U - the ring of Democracy (left hand) {rElec rF+}
   (You bought it in a shop on level 7 of the Dungeon)

   [ring of protection from fire]

   rF+:       It protects you from fire.
   rElec:     It insulates you from electricity.
Wands
 n - a wand of polymorph (6)
 s - a wand of flame (59)
 u - a wand of acid (21)
 w - a wand of roots (11)
 F - a wand of charming (10)
 I - a wand of mindburst (4)
 S - a wand of digging (10)
Scrolls
 a - 2 scrolls of silence
 b - 2 scrolls of identify
 k - 3 scrolls of fog
 p - 3 scrolls of revelation
 B - 3 scrolls of fear
 N - 4 scrolls of enchant armour
 O - a scroll of brand weapon
 P - a scroll of blinking
 Q - 5 scrolls of teleportation
Potions
 d - 4 potions of might
 g - 2 potions of brilliance
 h - 3 potions of lignification
 i - a potion of resistance {unknown}
 l - 7 potions of haste
 o - 7 potions of curing
 q - a potion of heal wounds
 t - 2 potions of cancellation
 v - 7 potions of mutation
 z - a potion of enlightenment
 D - a potion of attraction
 H - a potion of ambrosia
 K - 3 potions of invisibility
 T - 3 potions of magic


   Skills:
 + Level 13.4 Fighting
 * Level 19.1 Maces & Flails
 + Level 13.5 Armour
 + Level 8.9 Dodging
 + Level 13.0 Shields
 + Level 14.2 Invocations


You had 15 spell levels left.
You didn't know any spells.
Your spell library contained the following spells:

 Spells                   Type           Power      Damage    Failure   Level
 Apportation              Tloc           0%         N/A       56%         1
 Foxfire                  Conj/Fire      0%         2x1d4     56%         1
 Necrotise                Necr           0%         1d4       56%         1
 Sting                    Conj/Alch      0%         1d3       56%         1
 Summon Small Mammal      Summ           0%         N/A       56%         1
 Cigotuvi's Dreadful Rot  Necr/Alch/Air  0%         N/A       71%         2
 Ensorcelled Hibernation  Hex/Ice        0%         N/A       71%         2
 Lesser Beckoning         Tloc           0%         N/A       71%         2
 Static Discharge         Conj/Air       0%         3-3/arc   71%         2
 Dazzling Flash           Conj/Hex       0%         N/A       90%         3
 Fugue of the Fallen      Necr           0%         N/A       90%         3
 Gell's Gravitas          Tloc           0%         N/A       90%         3
 Hailstorm                Conj/Ice       0%         3d5       90%         3
 Mephitic Cloud           Conj/Alch/Air  0%         N/A       90%         3
 Ozocubu's Armour         Ice            0%         N/A       90%         3
 Passwall                 Erth           0%         N/A       90%         3
 Summon Ice Beast         Ice/Summ       0%         N/A       90%         3
 Swiftness                Air            0%         N/A       90%         3
 Teleport Other           Tloc           0%         N/A       90%         3
 Tukima's Dance           Hex            0%         N/A       90%         3
 Airstrike                Air            0%         2d(0-16)  100%        4
 Cause Fear               Hex            0%         N/A       100%        4
 Dimensional Bullseye     Hex/Tloc       0%         N/A       100%        4
 Ignite Poison            Fire/Alch      0%         N/A       100%        4
 Iskenderun's Mystic Bla  Conj/Tloc      0%         2d3       100%        4
 Manifold Assault         Tloc           0%         N/A       100%        4
 Summon Lightning Spire   Summ/Air       0%         N/A       100%        4
 Curse of Agony           Necr           0%         N/A       100%        5
 Fireball                 Conj/Fire      0%         3d3       100%        5
 Freezing Cloud           Conj/Ice/Air   0%         6-21      100%        5
 Silence                  Hex/Air        0%         N/A       100%        5
 Permafrost Eruption      Ice/Erth       0%         2x4d2     100%        6
 Plasma Beam              Fire/Air       0%         2x1d10    100%        6
 Sculpt Simulacrum        Ice/Alch       0%         N/A       100%        6
 Starburst                Conj/Fire      0%         6d3       100%        6
 Ozocubu's Refrigeration  Ice            0%         4d7       100%        7
 Dragon's Call            Summ           0%         N/A       100%        9
 Polar Vortex             Ice            0%         N/A       100%        9


Dungeon Overview and Level Annotations

Branches:
Dungeon (15/15)            Temple (1/1) D:4            Lair (5/5) D:9
 Shoals (1/4) Lair:3        Snake (1/4) Lair:2        Slime (0/5) Lair:5
    Orc (2/2) D:12            Elf (0/3) Orc:2        Vaults (0/5) D:13
 Depths (0/4) D:15

Altars:
Ashenzari
Cheibriados
Dithmenos
Elyvilon
Fedhas
Gozag
Hepliaklqana
Kikubaaqudgha
Makhleb
Nemelex Xobeh
Okawaru
Qazlal
Ru
Sif Muna
Trog
Uskayaw
Vehumet
Wu Jian
Xom
Yredelemnul
Zin
The Shining One
Jiyva

Shops:
D:6 =   D:7 =   D:8 **   D:9 *   D:10 *(   D:12 =   Orc:1 =   Orc:2 [*((!
Snake:1 ??(

Annotations:
D:8 3 runed translucent doors, Winter's ghost, novice MDFi
D:11 1 runed translucent door


Innate Abilities, Weirdness & Mutations

Your life essence is reduced to manifest your ancestor. (-10% HP)
Your spellcasting is much less encumbered by armour.
You can use scrolls of enchantment on lesser artefacts.


Message History

The faun shoots a sling bullet.
The sling bullet hits you!
* * * LOW HITPOINT WARNING * * *
You hit the merfolk javelineer.
The merfolk javelineer is severely wounded.
A snapping turtle comes into view.
Your cyclops hits the elephant!
The elephant dies!
The merfolk javelineer throws a silver javelin.
The silver javelin pierces through you.
* * * LOW HITPOINT WARNING * * *
x2 You closely miss the merfolk javelineer.
The merfolk javelineer is severely wounded.
Your snapping turtle barely misses the merfolk javelineer.
The faun points at you and mumbles some strange words.
You resist with almost no effort.
You thrash the merfolk javelineer!!
Lightning courses through the merfolk javelineer!
You kill the merfolk javelineer!
Your snapping turtle completely misses the merfolk impaler.
Your Shields skill increases to level 13!
What are your orders? t - Shout!
Orders for allies: a - Attack new target. r - Retreat! s - Stop attacking. g - Guard the area. f - Follow me.
Anything else - Cancel.
Gang up on whom?
Press: ? - help, Dir - move target, f - merfolk impaler
Aim: a merfolk impaler, wielding a +5 trident of flaming and wearing a +0 robe (ally target) Attack!
Your snapping turtle bites the merfolk impaler from afar.
The faun shoots a sling bullet.
The sling bullet hits you!
* * * LOW HITPOINT WARNING * * *
Your cyclops hits the merfolk impaler!!
Your snapping turtle bites the merfolk impaler!
The merfolk impaler hits you from afar with a +5 trident of flaming!
* * * LOW HITPOINT WARNING * * *
The merfolk impaler burns you.
You die...
Hepliaklqana delivers you to your ancestors.

~..#...##...~~≈≈.........#
≈~........~~~~≈≈.........#
≈≈~...##..~~~~~..........#
~~~. ##.~~.####.####...#
~~~~.###t..###...~. ###.#
~~~~....t###~~...~. ###
~~~....mC)...~~t.~
~..#####)...#.~#~
#.@....~~~.
≈~~~...~###...c#~P.
≈~~~~~.~~###...~~..
≈≈~~~~~~~# +#~~#..
≈≈≈~~~~~~ #..P. ≈≈≈≈~~~~.
##†_ ≈≈≈≈≈~~.#
#################
≈≈≈≈≈~).###..~.~..<..~...†.
≈≈≈≈≈~~.##..~~~~...~~~~~~~~


You could see a merfolk impaler (ally target), a faun, 2 friendly snapping
turtles and a friendly cyclops (summoned).

Vanquished Creatures
  Agnes (D:15)
  A tentacled starspawn (Abyss:2)
  Louise (D:15)
  Nessos (D:15)
  Azrael (D:15)
  A merfolk javelineer (Shoals:1)
  An ettin (Orc:1)
  4 hydras
  An ogre mage (D:13)
  2 centaur warriors (D:13)
  2 boulder beetles
  A tengu warrior (D:15)
  3 anacondas
  2 catoblepae (Lair:5)
  A deep troll shaman (Lair:5)
  2 naga warriors (Snake:1)
  A hell hog (D:14)
  2 two-headed ogres
  5 death yaks
  3 thrashing horrors (Abyss:2)
  3 naga sharpshooters (Snake:1)
  2 occultists
  An orc high priest (Orc:2)
  A wretched star (Abyss:2)
  3 skeletal warriors
  6 mana vipers
  2 naga ritualists (Snake:1)
  An arcanist (D:13)
  A lindwurm (Lair:2)
  Pikel (D:4)
  2 thermic dynamos (D:14)
  6 orc knights
  An oklob plant (Lair:4)
  5 harpies
  5 orc sorcerers
  A faun (Shoals:1)
  12 ugly things
  2 cyclopes
  A worldbinder (Abyss:2)
  12 elephants
  A merfolk siren (Shoals:1)
  7 black mambas
  4 kobold blastminers
  A naga mage (Snake:1)
  12 cane toads
  2 gargoyles
  2 komodo dragons (Lair:1)
  2 yaktaurs (D:13)
  3 kobold demonologists
  2 efreet
  4 rime drakes
  An ancient zyme (Abyss:2)
  5 polar bears
  A raiju (Abyss:2)
  6 trolls
  10 dream sheep
  A hornet (D:8)
  5 blink frogs
  A snapping turtle (Shoals:1)
  5 slime creatures (D:13)
  2 wraiths
  Sigmund (D:4)
  5 wyverns
  2 shadows
  A hog (D:14)
  54 yaks
  2 vampires
  5 basilisks
  2 fire elementals (D:15)
  2 fire bats (Abyss:2)
  7 vampire mosquitoes
  A steam dragon (D:8)
  6 wargs
  2 acid dragons
  3 nagas (Snake:1)
  7 water moccasins
  A hell hound (D:14)
  12 orc warriors
  4 black bears
  4 ice beasts
  An ettin simulacrum (D:14)
  4 laughing skulls
  8 ogres
  2 centaurs (D:13)
  14 wolves
  3 lemures (D:4)
  5 bullfrogs
  6 kobold brigands
  A gnoll sergeant (D:8)
  A small abomination (Abyss:2)
  9 wights
  2 killer bees (D:10)
  3 howler monkeys
  A bombardier beetle (D:7)
  A hound (D:5)
  13 orc priests
  Crazy Yiuf (D:2)
  2 iguanas
  15 orc wizards
  Robin (D:3)
  12 gnolls
  4 adders
  7 ufetubi
  2 ribbon worms
  43 orcs
  6 ball pythons
  3 endoplasms
  3 giant cockroaches
  16 goblins
  12 hobgoblins
  5 jackals (D:1)
  15 kobolds
  A quokka (D:1)
  9 bats
  3 frilled lizards
  6 rats
542 creatures vanquished.

Vanquished Creatures (collateral kills)
  Rupert (D:15)
  Kirke (D:14)
  An orc warlord (Orc:1)
  A hydra (Lair:3)
  2 anacondas (Snake:1)
  A catoblepas (Lair:5)
  A boulder beetle (D:15)
  A two-headed ogre (D:11)
  3 death yaks
  A tengu warrior (D:15)
  A shock serpent (Lair:2)
  A naga sharpshooter (Snake:1)
  2 orc high priests (Orc:2)
  2 skysharks
  3 skeletal warriors
  A naga ritualist (Snake:1)
  2 thermic dynamos (D:14)
  2 harpies (Shoals:1)
  2 orc sorcerers (Orc:2)
  An ugly thing (D:14)
  A faun (Shoals:1)
  A cyclops (D:14)
  A manticore (D:14)
  2 meliai (Shoals:1)
  A black mamba (shapeshifter) (D:14)
  5 elephants
  A water nymph (Shoals:1)
  7 black mambas
  A kobold blastminer (Orc:2)
  A gargoyle (D:11)
  A kobold demonologist (D:12)
  A komodo dragon (Lair:1)
  A rime drake (Lair:3)
  2 trolls (D:10)
  A merfolk (Shoals:1)
  2 blink frogs (Lair:5)
  2 dream sheep (Lair:4)
  18 yaks
  2 fire bats (Abyss:2)
  2 fire elementals (D:15)
  2 steam dragons (D:8)
  3 wargs
  A redback (shapeshifter) (D:15)
  A vampire mosquito (D:13)
  3 nagas (Snake:1)
  A hell hound (D:14)
  3 water moccasins
  3 orc warriors
  A black bear (shapeshifter) (D:15)
  2 sky beasts
  An ettin simulacrum (D:14)
  2 ice beasts (D:9)
  A laughing skull (Abyss:2)
  3 wolves
  An ogre (D:13)
  A centaur (D:13)
  A lemure (D:4)
  2 kobold brigands
  A gnoll sergeant (D:10)
  A small abomination (Abyss:2)
  9 wights
  A killer bee (D:10)
  2 howler monkeys (D:7)
  A crimson imp (Abyss:2)
  A hound (D:7)
  9 orc priests
  A sleepcap (D:5)
  A gnoll bouda (D:7)
  13 orc wizards
  6 gnolls
  27 orcs
  3 kobolds
191 creatures vanquished.

Vanquished Creatures (others)
  An orc warrior (Orc:2)
  An orc wizard (D:4)
  21 battlemagi
  2 ancestors (D:5)
25 creatures vanquished.

Grand Total: 758 creatures vanquished

Notes
Turn   | Place    | Note
-------+----------+-------------------------------------------
     0 | D:1      | inmateoo the Mountain Dwarf Fighter began the quest for the
                  | Orb.
     0 | D:1      | Reached XP level 1. HP: 19/19 MP: 1/1
   121 | D:1      | Reached XP level 2. HP: 26/26 MP: 2/2
   230 | D:1      | Reached skill level 3 in Maces & Flails
   408 | D:1      | Reached XP level 3. HP: 31/31 MP: 3/3
   696 | D:2      | Identified the +2 pair of boots "Margh" {rCorr}
   998 | D:2      | Found a bloodstained altar of Trog.
  1056 | D:2      | Reached XP level 4. HP: 25/40 MP: 4/4
  1257 | D:2      | Reached skill level 1 in Dodging
  1281 | D:2      | Found a runed translucent door.
  1282 | D:2      | Noticed Crazy Yiuf
  1525 | D:2      | Killed Crazy Yiuf
  1526 | D:2      | Reached skill level 4 in Maces & Flails
  1922 | D:3      | Found a faded altar of an unknown god.
  1995 | D:3      | Noticed Robin
  2046 | D:3      | Reached XP level 5. HP: 31/46 MP: 5/5
  2051 | D:3      | Killed Robin
  2617 | D:3      | Found a snail-covered altar of Cheibriados.
  2871 | D:4      | Noticed Sigmund
  3030 | D:4      | Killed Sigmund
  3031 | D:4      | Reached skill level 5 in Maces & Flails
  3031 | D:4      | Reached XP level 6. HP: 52/53 MP: 6/6
  3394 | D:4      | Found a bloodstained altar of Trog.
  3638 | D:4      | Found a staircase to the Ecumenical Temple.
  3780 | Temple   | Found a transporter.
  3780 | Temple   | Found a transporter.
  3780 | Temple   | Found a transporter.
  3780 | Temple   | Found a transporter.
  3780 | Temple   | Entered the Ecumenical Temple
  3801 | Temple   | Became a worshipper of Hepliaklqana the Forgotten
  4031 | D:5      | Entered Level 5 of the Dungeon
  4210 | D:5      | Reached XP level 7. HP: 58/60 MP: 7/7
  4242 | D:5      | Reached * piety under Hepliaklqana
  4293 | D:5      | Reached skill level 6 in Maces & Flails
  4301 | D:5      | Reached skill level 5 in Armour
  4425 | D:5      | Noticed Pikel
  4653 | D:4      | Killed Pikel
  4654 | D:4      | Reached skill level 5 in Fighting
  4654 | D:4      | Reached skill level 7 in Maces & Flails
  4654 | D:4      | Reached skill level 5 in Shields
  4654 | D:4      | Reached XP level 8. HP: 31/62 MP: 7/9
  5227 | D:6      | Found a white marble altar of Elyvilon.
  5341 | D:6      | You fall into a shaft and drop 2 floors!
  5605 | D:7      | Found Qotwix's Jewellery Emporium.
  5954 | D:6      | Reached skill level 8 in Maces & Flails
  6035 | D:6      | Found Jodghiss's Jewellery Shop.
  6091 | D:6      | Reached ** piety under Hepliaklqana
  6092 | D:6      | Remembered your ancestor Uxociak as a battlemage
  6309 | D:7      | Reached XP level 9. HP: 52/66 MP: 11/11
  7134 | D:8      | Reached skill level 9 in Maces & Flails
  7336 | D:8      | Reached skill level 5 in Invocations
  7350 | D:8      | Found a runed translucent gate.
  7350 | D:8      | Found a runed translucent gate.
  7350 | D:8      | Found a runed translucent gate.
  7452 | D:8      | Identified the +7 war axe of Ambiguity {heavy, Will+ SInv}
  7862 | D:8      | Found Coji's General Store.
  7923 | D:8      | Found Gozag's Platinum Reserve.
  7938 | D:8      | Found an opulent altar of Gozag.
  8045 | D:8      | Reached XP level 10. HP: 77/77 MP: 14/14
  8055 | D:8      | Reached *** piety under Hepliaklqana
  8129 | D:8      | Noticed Winter's ghost (novice MDFi)
  8192 | D:9      | Found a stormy altar of Qazlal.
  8222 | D:9      | Found Fabroitu's Changing Room.
  8275 | D:9      | Noticed a boulder beetle
  8290 | D:9      | Killed a boulder beetle
  8291 | D:9      | Reached skill level 10 in Maces & Flails
  8526 | D:9      | Found a staircase to the Lair.
  8979 | D:9      | Reached skill level 11 in Maces & Flails
  9133 | D:9      | Identified a scroll of acquirement
  9133 | D:9      | Acquired the +9 demon whip of Kaodumie {elec, rN+ MP+9
                  | Dex+2}
  9152 | D:10     | Entered Level 10 of the Dungeon
  9152 | D:10     | Reached **** piety under Hepliaklqana
  9169 | D:10     | Reached XP level 11. HP: 81/84 MP: 16/16
  9185 | D:10     | Found Rel Efiudd's Assorted Antiques.
  9583 | D:10     | Found Pesoynon's Weapon Shoppe.
  9853 | D:11     | Found a frozen archway.
  9860 | D:11     | Noticed a two-headed ogre
  9863 | D:11     | Reached skill level 5 in Dodging
  9869 | D:11     | Killed a two-headed ogre
  9882 | D:11     | Reached skill level 12 in Maces & Flails
  9895 | D:11     | Found a runed translucent door.
  9900 | D:11     | Found a hide-covered altar of Uskayaw.
  9900 | D:11     | Noticed a +1 vampiric demon blade
  9901 | D:11     | Noticed a +2 vampiric demon whip
  9901 | D:11     | Noticed a +0 demon trident of pain
 10018 | D:11     | Noticed a two-headed ogre
 10060 | D:11     | Killed a two-headed ogre
 10528 | D:12     | Noticed a skeletal warrior
 10528 | D:12     | Noticed a skeletal warrior
 10529 | D:12     | Noticed a skeletal warrior
 10558 | D:11     | Killed a skeletal warrior
 10773 | D:12     | Found a staircase to the Orcish Mines.
 10825 | D:12     | Killed a skeletal warrior
 10832 | D:12     | Killed a skeletal warrior
 10845 | D:12     | Reached ***** piety under Hepliaklqana
 10847 | D:12     | Found Voxtag's Jewellery Shop.
 11353 | D:13     | Noticed a red ugly thing
 11363 | D:13     | Killed a red ugly thing
 11386 | D:13     | Noticed a boulder beetle
 11407 | D:13     | Killed a boulder beetle
 11408 | D:13     | Reached skill level 13 in Maces & Flails
 11408 | D:13     | Reached XP level 12. HP: 93/93 MP: 18/18
 11478 | D:13     | Noticed an ogre mage
 11569 | D:13     | Noticed a centaur warrior
 11581 | D:13     | Killed a centaur warrior
 12041 | D:13     | Killed an ogre mage
 12059 | D:13     | Found a gate to the Vaults.
 12154 | D:13     | Noticed a centaur warrior
 12163 | D:13     | Killed a centaur warrior
 12539 | D:14     | Noticed a hell hog
 12603 | D:14     | Reached skill level 14 in Maces & Flails
 12603 | D:14     | Reached skill level 10 in Armour
 12623 | Abyss:2  | Cast into level 2 of the Abyss (an occultist)
 12668 | Abyss:2  | Reached skill level 10 in Fighting
 12680 | Abyss:2  | Noticed a tentacled starspawn
 12685 | Abyss:2  | Killed a tentacled starspawn
 12764 | Abyss:2  | Reached skill level 10 in Invocations
 12778 | Abyss:2  | Found a corrupted altar of Lugonu.
 12859 | Abyss:2  | Reached XP level 13. HP: 67/101 MP: 20/20
 12982 | D:14     | Escaped the Abyss
 13129 | D:14     | Reached skill level 10 in Shields
 13450 | D:14     | Reached skill level 15 in Maces & Flails
 14273 | D:14     | Noticed Kirke
 14282 | D:14     | Killed Kirke
 14394 | D:14     | Acquired a +1 eveningstar of protection
 14403 | D:15     | Entered Level 15 of the Dungeon
 14407 | D:15     | Noticed Rupert
 14407 | D:15     | Paralysed by Rupert for 3 turns
 14535 | Lair:1   | Entered Level 1 of the Lair of Beasts
 14729 | Lair:1   | Reached ****** piety under Hepliaklqana
 15586 | Lair:2   | Found a staircase to the Snake Pit.
 15845 | Lair:2   | Reached XP level 14. HP: 111/111 MP: 22/22
 16006 | Lair:3   | Reached skill level 16 in Maces & Flails
 16092 | Lair:3   | Found a staircase to the Shoals.
 17512 | Lair:5   | Entered Level 5 of the Lair of Beasts
 17608 | Lair:5   | Reached skill level 17 in Maces & Flails
 17831 | Lair:5   | Found a viscous altar of Jiyva.
 17832 | Lair:5   | Found a staircase to the Slime Pits.
 18158 | Lair:5   | Reached XP level 15. HP: 109/118 MP: 24/24
 18348 | Lair:5   | Got an earthy gem with 196 turns to spare
 18826 | Orc:1    | Entered Level 1 of the Orcish Mines
 18908 | Orc:1    | Found Igis's Jewellery Shop.
 19357 | Orc:2    | Entered Level 2 of the Orcish Mines
 19427 | Orc:2    | Found Zadisuha's Distillery.
 19768 | Orc:2    | Bought a potion of curing for 33 gold pieces
 19768 | Orc:2    | Bought a potion of curing for 33 gold pieces
 19768 | Orc:2    | Bought a potion of heal wounds for 55 gold pieces
 19768 | Orc:2    | Bought a potion of heal wounds for 55 gold pieces
 19768 | Orc:2    | Bought a potion of mutation for 88 gold pieces
 19768 | Orc:2    | Bought a potion of mutation for 88 gold pieces
 19768 | Orc:2    | Bought a potion of cancellation for 88 gold pieces
 19795 | Orc:2    | Found a staircase to the Elven Halls.
 20285 | Orc:2    | Reached skill level 18 in Maces & Flails
 20350 | Orc:2    | Found Susehit's Antique Weapon Emporium.
 20350 | Orc:2    | Found Seusozif's Armour Emporium.
 20351 | Orc:2    | Found Zuhuol's Weapon Boutique.
 20351 | Orc:2    | Found Ifimn's General Store.
 20389 | Orc:2    | Bought a scroll of brand weapon for 142 gold pieces
 20389 | Orc:2    | Bought a +1 cloak of willpower for 247 gold pieces
 20590 | D:15     | Killed Rupert
 20665 | D:15     | Noticed Agnes
 20671 | D:15     | Killed Agnes
 20682 | D:15     | Noticed Nessos
 20690 | D:15     | Killed Nessos
 20883 | D:15     | Found a sacrificial altar of Ru.
 20903 | D:15     | Found a staircase to the Depths.
 20990 | D:15     | Noticed Azrael
 21008 | D:15     | Killed Azrael
 21011 | D:15     | Noticed Louise
 21442 | D:15     | Killed Louise
 22179 | D:7      | Bought the ring of Democracy {rElec rF+} for 390 gold
                  | pieces
 22269 | Snake:1  | Entered Level 1 of the Snake Pit
 22559 | Snake:1  | Found Salad's Magic Scroll Boutique.
 22562 | Snake:1  | Bought a scroll of teleportation for 39 gold pieces
 22562 | Snake:1  | Bought a scroll of teleportation for 39 gold pieces
 22562 | Snake:1  | Bought a scroll of enchant armour for 97 gold pieces
 22688 | Snake:1  | Reached XP level 16. HP: 89/128 MP: 26/26
 23059 | Snake:1  | Found Muefudd's Magic Scroll Emporium.
 23062 | Snake:1  | Bought a scroll of summoning for 152 gold pieces
 23366 | Snake:1  | Found Toygum's Antique Weapon Shoppe.
 23429 | Snake:1  | HP: 9/193 [naga/+0 flail (18)]
 23908 | Snake:1  | Found a snail-covered altar of Cheibriados.
 24128 | Shoals:1 | Entered Level 1 of the Shoals
 24150 | Shoals:1 | Reached skill level 19 in Maces & Flails
 24370 | Shoals:1 | Found a hide-covered altar of Uskayaw.
 24376 | Shoals:1 | HP: 2/129 [merfolk impaler/+5 trident of flaming (14)]
 24376 | Shoals:1 | Slain by a merfolk impaler

Illustrated notes

Levels and vault maps discovered:
D:1:      onia_arrival_handbag, layout_loops_cross
D:2:      layout_loops_ring, basic_altar, uniq_crazy_yiuf_cottage
D:3:      layout_loops_corners, nicolae_overflow_hidden_temple,
          shapermc_ecumenical_altar_petra, uniq_robin
D:4:      layout_loops_ring, nicolae_overflow_crystal_walls,
          minmay_temple_entry_wispy, serial_park_tiny_pond, uniq_sigmund
D:5:      layout_cave_pods, minivault_14, uniq_pikel
D:6:      layout_rooms, nicolae_elyvilon_peaceful_grove, serial_shops, shop,
          grunt_decor_cap
D:7:      layout_gridville, serial_shops, nicolae_shop_advertising_works
          [nicolae_subvault_shop_adworks], nicolae_benzene_ring
D:8:      layout_gridville, nicolae_gozag_zags_fifth_avenue,
          gammafunk_ghost_spectres, serial_shops, shop_statue
D:9:      layout_basic, kennysheep_mini, hellmonk_lair_entry_icy,
          wad_floor_pattern_2, nicolae_transmutations_shop, nicolae_the_louvre
D:10:     minmay_evil_eye, layout_cave_pools, serial_shops,
          nicolae_shop_pleasant_corner_grove, nicolae_square_shop
D:11:     layout_basic, portal_ice_cave_entry_pillars_2, nicolae_danse_macabre
D:12:     layout_long_grid, erik_orc_4, serial_shops, nicolae_shop_waterfront
D:13:     layout_gridville, hangedman_vaults_entry_quadrant_bands
D:14:     hangedman_elemental_death_ray, layout_basic,
          minmay_misc_feat_nine_boxes, uniq_kirke
D:15:     hangedman_depths_entry_civil_slaughter, layout_basic,
          nicolae_ru_awakened_eye, ebering_dispersal_statue_hall, uniq_louise,
          uniq_nessos, uniq_azrael, uniq_agnes, uniq_rupert
Temple:   hellmonk_temple_divided_pantheon
Lair:1:   layout_regular_city, chequers_serial_rivers_small_3
Lair:2:   layout_loops_ring, dummy_snake_entry
Lair:3:   layout_cave_pods, nicolae_shoals_entry_roost
Lair:4:   layout_long_grid, grunt_megastairs_5
Lair:5:   grunt_lair_end_beastmaster, layout_cave_pods, slime_entry_1,
          grunt_megastairs_4, serial_bayou_shore_b, lemuel_fruit_fields
Shoals:1: layout_shoals, serial_shops, shop, nicolae_specific_store,
          regret_index_shoals_crete
Snake:1:  layout_gridlike, serial_shops, nicolae_shop_peninsula,
          nicolae_shop_rolled_up, nicolae_shop_real_fake_doors, basic_altar,
          serial_corexii_hall, corexii_hall_statues_deadend,
          chequers_hall_statues_wall_a, nicolae_snake_coiling_death
Orc:1:    layout_diamond_mine, serial_shops, shop_fountains, lightli_orcish_oven
Orc:2:    st_orc_elflike, layout_diamond_mine, serial_shops, shop,
          abandoned_shop

Skill      XL: |  1  2  3  4  5  6  7  8  9 10 11 12 13 14 15 16 |
---------------+-------------------------------------------------+-----
Maces & Flails | 3 4 5 7 8 9 11 13 14 15 17 18 19 | 19.1
Dodging        | 1 2 3 4 5 6 7 8 |  8.9
Armour         | 4 5 6 7 8 9 10 11 12 13 | 13.5
Fighting       | 4 5 6 7 8 9 10 11 12 13 | 13.4
Shields        | 4 5 6 7 8 9 10 11 12 13 | 13.0
Invocations    | 2 3 5 7 8 10 11 12 13 14 | 14.2

Action                     |  1- 3 |  4- 6 |  7- 9 | 10-12 | 13-15 | 16-18 || total
---------------------------+-------+-------+-------+-------+-------+-------++-------
  Melee: Flail             |   135 |   186 |    77 |       |       |       ||   398
         Whip              |       |       |   155 |       |       |       ||   155
         Morningstar       |       |       |    39 |       |       |       ||    39
         War axe           |       |       |    15 |    49 |       |       ||    64
         Demon whip        |       |       |       |   335 |  1053 |   163 ||  1551
 Invoke: Recall Ancestor   |       |       |     1 |     2 |     3 |       ||     6
         Ancestor Life: Ba |       |       |     1 |       |       |       ||     1
  Evoke: Wand              |       |       |       |       |       |     1 ||     1
    Use: Scroll            |     1 |     7 |     7 |    13 |     9 |     1 ||    38
         Potion            |       |       |     2 |     1 |     3 |     4 ||    10
   Stab: Distracted        |       |       |     3 |     5 |    19 |     4 ||    31
         Invisible         |       |       |       |       |     1 |       ||     1
         Petrified         |       |       |       |       |     1 |       ||     1
         Sleeping          |       |       |       |       |       |     1 ||     1
 Armour: Scale mail        |   129 |   133 |   115 |       |       |       ||   377
         Plate armour      |       |       |   123 |   271 |   711 |   131 ||  1236
         Skin              |       |       |       |       |       |    15 ||    15
  Dodge: Dodged            |    81 |    91 |   102 |   125 |   251 |    57 ||   707
  Block: Buckler           |    34 |    44 |    53 |    78 |   240 |    39 ||   488

Table legend: (Time is in decaauts)
 A = Elapsed time spent in this place.
 B = Non-inter-level travel time spent in this place.
 C = Inter-level travel time spent in this place.
 D = Time resting spent in this place.
 E = Time spent auto-exploring this place.
 F = Levels seen in this place.
 G = Mean time per level.
                   A        B        C        D        E       F      G
               +--------+--------+--------+--------+--------+-----+--------+
         Total |  23844 |  22482 |   1362 |   4640 |  13179 |  26 |  917.1 |
       Dungeon |  15841 |  14913 |    928 |   3113 |   8919 |  15 | 1056.1 |
        Temple |     36 |     27 |      9 |      0 |      0 |   1 |   36.0 |
          Lair |   4301 |   4005 |    296 |    367 |   2817 |   5 |  860.2 |
        Shoals |    234 |    234 |      0 |     13 |     16 |   1 |  234.0 |
     Snake Pit |   1476 |   1439 |     37 |    625 |    548 |   1 | 1476.0 |
  Orcish Mines |   1636 |   1548 |     88 |    396 |    799 |   2 |  818.0 |
         Abyss |    317 |    317 |      0 |    126 |     79 |   1 |  317.0 |
               +--------+--------+--------+--------+--------+-----+--------+

Top non-repeatable levels by time:
    D:14: 1777 daAuts
 Snake:1: 1476 daAuts
    D:13: 1394 daAuts
     D:3: 1343 daAuts
     D:4: 1332 daAuts
     D:7: 1300 daAuts
     D:8: 1145 daAuts
     D:9: 1121 daAuts
    D:15: 1027 daAuts
  Lair:5: 1021 daAuts
     D:2: 990 daAuts
  Lair:2: 946 daAuts
     D:5: 886 daAuts
   Orc:1: 853 daAuts
  Lair:3: 809 daAuts
